[Event "ICC tourney 2000 (30 10)"]
[Site "Internet Chess Club"]
[Date "2020.09.12"]
[Round "1"]
[White "challenger2010"]
[Black "BunnyGambit"]
[Result "1-0"]
[ICCResult "Black checkmated"]
[WhiteElo "1942"]
[BlackElo "1515"]
[Opening "Sicilian: Hungarian variation"]
[ECO "B27"]
[NIC "SI.43"]
[Time "11:04:03"]
[TimeControl "1800+10"]

1. e4 c5 2. Nf3 g6 3. c3 Bg7 4. d4 cxd4 5. cxd4 d5 6. exd5 Qxd5 7. Nc3 Qh5
8. Bb5+ Nc6 9. d5 a6 10. Ba4 b5 11. dxc6 bxa4 12. Nd5 Ra7 13. Be3 Ra8 14.
Nc7+ Kf8 15. Qd8# {Black checkmated} 1-0

[Event "ICC tourney 2000 (30 10)"]
[Site "Internet Chess Club"]
[Date "2020.09.12"]
[Round "1"]
[White "michaelxiao"]
[Black "QueenHM"]
[Result "1-0"]
[ICCResult "Black resigns"]
[WhiteElo "1388"]
[BlackElo "1575"]
[Opening "Sicilian: Alapin's variation (2.c3)"]
[ECO "B22"]
[NIC "SI.46"]
[Time "11:04:01"]
[TimeControl "1800+10"]

1. e4 c5 2. c3 d6 3. d4 cxd4 4. cxd4 Nf6 5. Nc3 g6 6. Bb5+ Bd7 7. Bxd7+ Qxd7
8. Nf3 Bg7 9. O-O O-O 10. Be3 Ng4 11. Bf4 Nc6 12. Qd2 Rfd8 13. h3 Nf6 14.
Bh6 Bh8 15. d5 Nb4 16. a3 Na6 17. Nd4 Nc5 18. Qe3 Rac8 19. f4 Na4 20. f5
Nxc3 21. bxc3 Qc7 22. fxg6 hxg6 23. Rac1 Qc5 24. h4 Ng4 25. Qd2 Nxh6 26.
Qxh6 Bxd4+ 27. cxd4 Qxd4+ 28. Kh1 Rxc1 29. Rxc1 Qxe4 30. Qg5 f6 31. Qg3 Qe5
32. Qxg6+ Kf8 33. h5 Qxd5 34. h6 Qg8 35. Qh5 Qh7 36. Rc3 a6 37. Rg3 Qf7 38.
Qh3 Rc8 39. Qxc8+ {Black resigns} 1-0

[Event "ICC tourney 2000 (30 10)"]
[Site "Internet Chess Club"]
[Date "2020.09.12"]
[Round "1"]
[White "ramennoodle"]
[Black "che2468"]
[Result "1-0"]
[ICCResult "Black checkmated"]
[WhiteElo "1917"]
[BlackElo "1491"]
[Opening "Sicilian defense"]
[ECO "B20"]
[NIC "SI.48"]
[Time "11:04:01"]
[TimeControl "1800+10"]

1. e4 c5 2. c4 d6 3. Nc3 Nc6 4. g3 Nf6 5. Bg2 e6 6. Nge2 Be7 7. O-O O-O 8.
d3 Qc7 9. h3 a6 10. Be3 b6 11. f4 e5 12. f5 Bd7 13. g4 Ne8 14. g5 f6 15. g6
hxg6 16. fxg6 f5 17. exf5 Bxf5 18. Bd5+ Kh8 19. Bf7 Bxh3 20. Nf4 Nf6 21.
Nxh3 Nd4 22. Rxf6 Rxf7 23. Qh5+ Kg8 24. gxf7+ Kf8 25. Qh8# {Black
checkmated} 1-0

[Event "ICC tourney 2000 (30 10)"]
[Site "Internet Chess Club"]
[Date "2020.09.12"]
[Round "1"]
[White "CheddarCheng1"]
[Black "ChessStar22"]
[Result "0-1"]
[ICCResult "White checkmated"]
[WhiteElo "1470"]
[BlackElo "1353"]
[Opening "Caro-Kann: advance variation"]
[ECO "B12"]
[NIC "CK.04"]
[Time "11:04:02"]
[TimeControl "1800+10"]

1. e4 c6 2. d4 d5 3. e5 Bf5 4. Nf3 e6 5. Be2 c5 6. c3 cxd4 7. cxd4 Bb4+ 8.
Nc3 Ne7 9. a3 Bxc3+ 10. bxc3 Nbc6 11. Rb1 Bxb1 12. Qb3 Qb6 13. Bb5 Bg6 14.
O-O O-O 15. Ba4 Qxb3 16. Bxb3 Bd3 17. Re1 h6 18. a4 Na5 19. Ba3 Nxb3 20.
Bxe7 Rfe8 21. Bb4 a5 22. Ba3 Rec8 23. Bb2 b5 24. Re3 Be4 25. axb5 Bxf3 26.
Rxf3 Rcb8 27. c4 dxc4 28. Rc3 Rc8 29. Ba3 Nd2 30. f3 Nb1 31. Re3 Nxa3 32.
Rxa3 c3 33. Ra1 c2 34. Rc1 a4 35. b6 a3 36. b7 a2 37. bxc8=Q+ Rxc8 38. Kf2
a1=Q 39. Rxa1 c1=Q 40. Rxc1 Rxc1 41. h3 f6 42. exf6 gxf6 43. Ke3 Rc2 44. g4
Rh2 45. Kf4 Rxh3 46. Ke3 h5 47. gxh5 Rxh5 48. Ke4 Kf7 49. f4 Rh1 50. Kf3
Rf1+ 51. Ke3 Re1+ 52. Kf3 Ke7 53. Kf2 Re4 54. Kf3 Rxd4 55. Ke3 Ra4 56. Kf3
f5 57. Ke3 Kf6 58. Kf3 Ra3+ 59. Ke2 e5 60. fxe5+ Kxe5 61. Kf2 Ke4 62. Kg2 f4
63. Kf1 Kf3 64. Ke1 Ra2 65. Kd1 Ke3 66. Kc1 f3 67. Kb1 Rd2 68. Kc1 f2 69.
Kb1 f1=Q# {White checkmated} 0-1

[Event "ICC tourney 2000 (30 10)"]
[Site "Internet Chess Club"]
[Date "2020.09.12"]
[Round "1"]
[White "BobbyFissure"]
[Black "bonnelleo1"]
[Result "1/2-1/2"]
[ICCResult "Game drawn by mutual agreement"]
[WhiteElo "1512"]
[BlackElo "1777"]
[Opening "QGD: 3...Nf6"]
[ECO "D35"]
[NIC "QO.16"]
[Time "11:04:07"]
[TimeControl "1800+10"]

1. d4 d5 2. c4 e6 3. Nc3 Nf6 4. a3 Be7 5. Nf3 O-O 6. e3 a6 7. b4 dxc4 8.
Bxc4 b5 9. Bd3 Bb7 10. O-O Nc6 11. Bb2 h6 12. Rc1 Qd7 13. Ne5 Nxe5 14. dxe5
Nd5 15. Bb1 Rac8 16. Qd3 g6 17. Rfd1 Rfd8 18. Ne4 Nb6 19. Qxd7 Rxd7 20. Nf6+
Bxf6 21. exf6 Rxd1+ 22. Rxd1 Nc4 23. Bc1 {Game drawn by mutual agreement}
1/2-1/2

[Event "ICC tourney 2000 (30 10)"]
[Site "Internet Chess Club"]
[Date "2020.09.12"]
[Round "1"]
[White "madrigal"]
[Black "marinaxiao"]
[Result "1-0"]
[ICCResult "Black checkmated"]
[WhiteElo "1632"]
[BlackElo "1391"]
[Opening "English opening"]
[ECO "A15"]
[NIC "EO.64"]
[Time "11:04:06"]
[TimeControl "1800+10"]

1. c4 Nf6 2. Nf3 Nc6 3. e3 d5 4. cxd5 Nxd5 5. d3 Bg4 6. Be2 e6 7. a3 a5 8.
O-O Bd6 9. h3 Bh5 10. Nc3 Nf6 11. d4 O-O 12. e4 Bxf3 13. Bxf3 Nxd4 14. Qxd4
Bh2+ 15. Kxh2 Qxd4 16. Be3 Qd6+ 17. Kg1 Qe7 18. Rfd1 Rfd8 19. Re1 Nd7 20.
Bf4 Nc5 21. Nb5 Nd3 22. Bxc7 Nxe1 23. Rxe1 Rd7 24. Bg3 Rad8 25. e5 f6 26.
Bg4 fxe5 27. Rxe5 Re8 28. Kh2 Qf6 29. Nc3 Rd3 30. Ne4 Qe7 31. Nc5 Qf6 32.
Nxd3 Rd8 33. Rxe6 Qd4 34. Ne5 Qxb2 35. Bh4 Rb8 36. Re7 h6 37. Be6+ Kh7 38.
Bf6 Qxf2 39. Rxg7+ Kh8 40. Ng6# {Black checkmated} 1-0

[Event "ICC tourney 2000 (30 10)"]
[Site "Internet Chess Club"]
[Date "2020.09.12"]
[Round "1"]
[White "happyscientist"]
[Black "tortorchess"]
[Result "1-0"]
[ICCResult "Black checkmated"]
[WhiteElo "1730"]
[BlackElo "1468"]
[Opening "Sicilian: Alapin's variation (2.c3)"]
[ECO "B22"]
[NIC "SI.47"]
[Time "11:04:04"]
[TimeControl "1800+10"]

1. e4 c5 2. c3 Nf6 3. e5 Nd5 4. d4 cxd4 5. cxd4 Nc6 6. Nc3 Nxc3 7. bxc3 d6
8. Bb5 dxe5 9. d5 a6 10. Ba4 b5 11. dxc6 bxa4 12. Qxa4 Qc7 13. Be3 a5 14.
Rd1 e6 15. Nf3 Ra6 16. Nxe5 f6 17. Rd7 Qxe5 18. c7 Qxc3+ 19. Bd2 Qc6 20.
Qxc6 Rxc6 21. Rd8+ Ke7 22. Rxc8 Kd7 23. Rd8+ Kxc7 24. Bxa5+ Kb7 25. O-O Rd6
26. Rb1+ Ka7 27. Rc8 Rd7 28. g3 g6 29. Rbb8 Rf7 30. Bb4 Bxb4 31. Rxh8 Bd6
32. Rbd8 Be5 33. Rhe8 Bc7 34. Rf8 Rg7 35. Rde8 f5 36. Rxe6 Rd7 37. Ref6 Kb7
38. R6f7 Rd1+ 39. Kg2 Ra1 40. Rxh7 Rxa2 41. Rff7 Rc2 42. Rhg7 Rc6 43. Rxc7+
Rxc7 44. Rxc7+ Kxc7 45. Kf3 Kd7 46. Kf4 Ke6 47. Kg5 Kf7 48. f4 Kg7 49. h4
Kh7 50. h5 gxh5 51. Kxh5 Kg7 52. Kg5 Kf7 53. Kxf5 Kg7 54. g4 Kf7 55. g5 Kg7
56. g6 Kg8 57. Kf6 Kf8 58. g7+ Kg8 59. f5 Kh7 60. Kf7 Kh6 61. g8=Q Kh5 62.
Qg3 Kh6 63. Qh4# {Black checkmated} 1-0

[Event "ICC tourney 2000 (30 10)"]
[Site "Internet Chess Club"]
[Date "2020.09.12"]
[Round "1"]
[White "che8642"]
[Black "AJ2000"]
[Result "1-0"]
[ICCResult "Black forfeits on time"]
[WhiteElo "1495"]
[BlackElo "1684"]
[Opening "Queen's pawn game"]
[ECO "D00"]
[NIC "QP.07"]
[Time "11:04:06"]
[TimeControl "1800+10"]

1. d4 Nf6 2. Nc3 d5 3. Bf4 g6 4. e3 Bg7 5. Be2 c5 6. dxc5 Qa5 7. Qd2 Qxc5 8.
Nf3 O-O 9. O-O Nc6 10. Rfd1 e6 11. Nb5 Ne4 12. Qc1 e5 13. Nc7 exf4 14. Rxd5
Qb4 15. c3 Qe7 16. Nxa8 Be6 17. Rd1 Rxa8 18. exf4 Rd8 19. Qe3 Nf6 20. Rxd8+
Qxd8 21. Rd1 Qc7 22. c4 Ng4 23. Qd2 Qb6 24. Bd3 Nd4 25. Be4 Nxf3+ 26. Bxf3
Nf6 27. b3 Nd7 28. Qe2 a5 29. Rb1 Bd4 30. Qd2 {Black forfeits on time} 1-0

[Event "ICC tourney 2000 (30 10)"]
[Site "Internet Chess Club"]
[Date "2020.09.12"]
[Round "1"]
[White "Mapking1"]
[Black "orwind"]
[Result "1-0"]
[ICCResult "Black resigns"]
[WhiteElo "1682"]
[BlackElo "1411"]
[Opening "Sicilian: Taimanov variation"]
[ECO "B45"]
[NIC "SI.39"]
[Time "11:04:02"]
[TimeControl "1800+10"]

1. e4 c5 2. Nf3 e6 3. d4 cxd4 4. Nxd4 Nc6 5. Nc3 Nf6 6. Nxc6 bxc6 7. e5 Nd5
8. Nxd5 cxd5 9. Bd3 d6 10. Bf4 Qc7 11. Qe2 Be7 12. h4 Bd7 13. h5 h6 14. Qg4
Kf8 15. exd6 Bxd6 16. Bxd6+ Qxd6 17. Qf3 Qe5+ 18. Kf1 Qxb2 19. Re1 Qf6 20.
Qg3 Qe7 21. Rh4 f6 22. Kg1 Rc8 23. Kh1 Rc3 24. Qb8+ Bc8 25. Ra4 Rc7 26. Rxe6
Qxe6 27. Qxc7 Bd7 28. Rxa7 Ke7 29. Bb5 Rd8 30. Bxd7 Rxd7 31. Qxd7+ Qxd7 32.
Rxd7+ Kxd7 33. Kh2 Kc6 34. Kg3 Kc5 35. Kf4 d4 36. Ke4 Kc4 37. a4 Kc3 38. a5
Kxc2 39. Kxd4 Kd2 40. a6 Ke2 41. a7 Kxf2 42. a8=Q {Black resigns} 1-0

[Event "ICC tourney 2000 (30 10)"]
[Site "Internet Chess Club"]
[Date "2020.09.12"]
[Round "1"]
[White "Adityaki05"]
[Black "ajedrez7"]
[Result "0-1"]
[ICCResult "White forfeits on time"]
[WhiteElo "1354"]
[BlackElo "1626"]
[Opening "Benko's opening"]
[ECO "A00"]
[NIC "VO.09"]
[Time "11:04:04"]
[TimeControl "1800+10"]

1. g3 d5 2. Bg2 Nf6 3. e3 e6 4. Ne2 Bd6 5. d4 O-O 6. O-O Nbd7 7. c4 Re8 8.
cxd5 exd5 9. Nbc3 c6 10. f3 Nb6 11. e4 dxe4 12. fxe4 Bc7 13. Bg5 h6 14. Bf4
Bxf4 15. Nxf4 Nc4 16. Re1 Bg4 17. Nfe2 Ne3 18. Qd3 Nxg2 19. Kxg2 Qd7 20. Nf4
Rad8 21. h3 Bh5 22. e5 g5 23. exf6 gxf4 24. gxf4 Bg6 25. Qg3 Kh7 26. h4 Rg8
27. Kh2 Be4 28. Qxg8+ Rxg8 29. Rxe4 Qg4 {White forfeits on time} 0-1

[Event "ICC tourney 2000 (30 10)"]
[Site "Internet Chess Club"]
[Date "2020.09.12"]
[Round "1"]
[White "chessboy2020"]
[Black "chessmilano"]
[Result "0-1"]
[ICCResult "White resigns"]
[WhiteElo "1465"]
[BlackElo "1725"]
[Opening "French: Rubinstein variation"]
[ECO "C03"]
[NIC "FR.07"]
[Time "11:04:02"]
[TimeControl "1800+10"]

1. e4 e6 2. d4 d5 3. Nd2 dxe4 4. Nxe4 Nd7 5. Nf3 Ngf6 6. Bg5 Be7 7. Nxf6+
Nxf6 8. Bd3 h6 9. Bh4 c5 10. c3 cxd4 11. Nxd4 O-O 12. O-O Nd5 13. Bg3 Bd6
14. Bxd6 Qxd6 15. Nb3 Rd8 16. Qc2 b6 17. Rad1 Qe7 18. Rfe1 Bb7 19. Be4 Nf4
20. Nd4 Bxe4 21. Qxe4 Qg5 22. g3 Nd5 23. h4 Qf6 24. Rd3 Rac8 25. Rf3 Qe7 26.
Qg4 Nf6 27. Qf4 Qc7 28. Qxc7 Rxc7 29. a4 Rc5 30. Rfe3 Ng4 31. Re4 h5 32. Ra1
Rc4 33. Ree1 a5 34. Red1 Ne5 35. Kg2 Ng4 36. Nb5 Rxd1 37. Rxd1 Rxa4 38. b3
Ra2 39. Rd8+ Kh7 40. Rb8 Rxf2+ 41. Kg1 Rb2 42. Nd4 e5 43. Nb5 Rxb3 44. Rxb6
a4 45. c4 a3 46. Ra6 Rb1+ 47. Kg2 Ne3+ 48. Kf3 Nxc4 49. Ke4 Rxb5 50. Kf5 Ra5
51. Rc6 a2 52. Rxc4 g6+ 53. Kf6 a1=Q 54. Rc8 Qf1+ 55. Ke7 Ra7+ 56. Kf8 Qf6
57. g4 Qg7+ 58. Ke8 {White resigns} 0-1

[Event "ICC tourney 2000 (30 10)"]
[Site "Internet Chess Club"]
[Date "2020.09.12"]
[Round "2"]
[White "QueenHM"]
[Black "chessboy2020"]
[Result "0-1"]
[ICCResult "White resigns"]
[WhiteElo "1592"]
[BlackElo "1538"]
[Opening "KGA: bishop's gambit"]
[ECO "C33"]
[NIC "KG.03"]
[Time "13:04:15"]
[TimeControl "1800+10"]

1. e4 e5 2. f4 exf4 3. Bc4 Qh4+ 4. Kf1 Nf6 5. Nc3 d6 6. d4 Nh5 7. Qe1 Ng3+
8. hxg3 Qxh1 9. Bxf4 Bg4 10. e5 Nc6 11. exd6+ Kd7 12. Bxf7 Bxd6 13. Qe4 Rhf8
14. Bxd6 Rxf7+ 15. Bf4 Raf8 16. Qd5+ Kc8 17. Qg5 Qh5 18. Qxh5 Bxh5 19. Ke1
g5 {White resigns} 0-1

[Event "ICC tourney 2000 (30 10)"]
[Site "Internet Chess Club"]
[Date "2020.09.12"]
[Round "2"]
[White "Zwish"]
[Black "che8642"]
[Result "1-0"]
[ICCResult "Black checkmated"]
[WhiteElo "1953"]
[BlackElo "1467"]
[Opening "Anderssen's opening"]
[ECO "A00"]
[NIC "VO.14"]
[Time "13:03:43"]
[TimeControl "1800+10"]

1. a3 d5 2. Nf3 c5 3. c4 d4 4. e3 dxe3 5. fxe3 Nc6 6. b4 cxb4 7. axb4 Nxb4
8. Qa4+ Nc6 9. Ne5 Qc7 10. Bb2 Bf5 11. Na3 a6 12. Nb5 Qc8 13. Nxc6 Qxc6 14.
Nc7+ Kd8 15. Qxc6 bxc6 16. Nxa8 Kc8 17. Nb6+ Kb7 18. Na4 e6 19. Be2 Nh6 20.
O-O Bg6 21. Bc3 Rg8 22. d4 Bd6 23. c5 Bc7 24. Nb2 Ra8 25. Nc4 Nf5 26. g4 Ne7
27. Ba5 Nd5 28. h4 Be4 29. Rxf7 Kb8 30. Bxc7+ Nxc7 31. Nd6 Bg6 32. Rxg7 Be8
33. Rb1+ Ka7 34. Rb7# {Black checkmated} 1-0

[Event "ICC tourney 2000 (30 10)"]
[Site "Internet Chess Club"]
[Date "2020.09.12"]
[Round "2"]
[White "sillytiger"]
[Black "happyscientist"]
[Result "1/2-1/2"]
[ICCResult "Game drawn by repetition"]
[WhiteElo "1349"]
[BlackElo "1711"]
[Opening "English opening"]
[ECO "A16"]
[NIC "EO.64"]
[Time "13:03:21"]
[TimeControl "1800+10"]

1. c4 Nf6 2. Nc3 g6 3. g3 Bg7 4. Bg2 O-O 5. Nf3 Nc6 6. O-O e5 7. d3 d6 8.
Bd2 Bd7 9. a3 Qc8 10. Re1 Nd4 11. b4 Bh3 12. Bh1 Nxf3+ 13. Bxf3 Bg4 14. Bg2
Bh3 15. Bf3 e4 16. dxe4 Re8 17. Rc1 Bg4 18. Bg2 Bh3 19. Bf3 Bg4 20. Bg2 Bh3
21. Bf3 Bg4 {Game drawn by repetition} 1/2-1/2

[Event "ICC tourney 2000 (30 10)"]
[Site "Internet Chess Club"]
[Date "2020.09.12"]
[Round "2"]
[White "ChessStar22"]
[Black "ramennoodle"]
[Result "0-1"]
[ICCResult "White resigns"]
[WhiteElo "1344"]
[BlackElo "1915"]
[Opening "King's Indian defense, 3.Nc3"]
[ECO "E61"]
[NIC "KI.80"]
[Time "13:03:23"]
[TimeControl "1800+10"]

1. d4 Nf6 2. c4 g6 3. Nc3 Bg7 4. e3 O-O 5. Nf3 d6 6. h3 e5 7. dxe5 dxe5 8.
Qxd8 Rxd8 9. e4 Nc6 10. Be3 b6 11. Be2 Bb7 12. O-O Nd4 13. Nxe5 Nxe2+ 14.
Nxe2 Nxe4 15. Nf3 Bxb2 16. Rab1 Bg7 17. Rfd1 Ba6 18. Rdc1 c5 19. a3 Rd3 20.
Nf4 Rxa3 21. Nd5 Bb7 22. Ng5 Bxd5 23. cxd5 Rxe3 24. fxe3 Nxg5 25. d6 Rd8 26.
Rc4 Rxd6 27. h4 Ne6 28. Ra4 a5 29. Ra3 c4 {White resigns} 0-1

[Event "ICC tourney 2000 (30 10)"]
[Site "Internet Chess Club"]
[Date "2020.09.12"]
[Round "2"]
[White "chessmilano"]
[Black "madrigal"]
[Result "1-0"]
[ICCResult "Black resigns"]
[WhiteElo "1736"]
[BlackElo "1615"]
[Opening "Queen's pawn: London system"]
[ECO "A45"]
[NIC "QP.07"]
[Time "13:03:20"]
[TimeControl "1800+10"]

1. d4 Nf6 2. Bf4 g6 3. Nc3 a6 4. e4 d6 5. Nf3 Bg7 6. Qd2 O-O 7. O-O-O Nbd7
8. Bh6 e5 9. dxe5 dxe5 10. Nxe5 Qe7 11. Nxd7 Bxd7 12. Bxg7 Kxg7 13. f3 Rad8
14. Bd3 c5 15. Qf4 Bc6 16. h4 Nh5 17. Qh2 Qf6 18. Ne2 Qd6 19. e5 Qe6 20. g4
Bxf3 21. gxh5 Bxh5 22. Nf4 Qxe5 23. Rde1 Qf6 24. Rhf1 Qd4 25. Nxh5+ gxh5 26.
Qe5+ Qxe5 27. Rxe5 Kh6 28. Rxc5 Rd4 29. Rc4 Rd5 30. Rcf4 Rd7 31. Bc4 Kg7 32.
Rg1+ Kh8 33. Rg5 b5 34. Bd3 f6 35. Rxh5 Rg7 36. b3 Rg1+ 37. Kb2 Rf7 38. Rh6
Rgg7 39. Rfxf6 Rxf6 40. Rxf6 Ra7 41. h5 Kg7 42. Rc6 {Black resigns} 1-0

[Event "ICC tourney 2000 (30 10)"]
[Site "Internet Chess Club"]
[Date "2020.09.12"]
[Round "2"]
[White "ajedrez7"]
[Black "challenger2010"]
[Result "0-1"]
[ICCResult "White checkmated"]
[WhiteElo "1622"]
[BlackElo "1954"]
[Opening "Sicilian: closed"]
[ECO "B23"]
[NIC "SI.44"]
[Time "13:03:20"]
[TimeControl "1800+10"]

1. e4 c5 2. Nc3 e6 3. g3 h5 4. h4 Nc6 5. Bg2 g6 6. Nge2 Bg7 7. d3 Nge7 8.
Bg5 O-O 9. O-O Qb6 10. Rb1 Re8 11. Qd2 d5 12. exd5 exd5 13. Nxd5 Nxd5 14.
Bxd5 Ne5 15. Bg2 Bh3 16. Kh1 Bxg2+ 17. Kxg2 Nf3 18. Qf4 Nxg5 19. Qxg5 Rxe2
20. Qc1 Qc6+ 21. Kg1 Rae8 22. c3 Qf3 23. Qf4 Qxf4 24. gxf4 Rd2 25. Rfd1
Rxd1+ 26. Rxd1 Re2 27. d4 cxd4 28. cxd4 Re4 29. d5 Rxf4 30. d6 Rg4+ 31. Kh2
Rxh4+ 32. Kg3 Rd4 33. Rc1 Rxd6 34. b3 Rc6 35. Rd1 Rd6 36. Rc1 Rd2 37. a4
Rd3+ 38. Kg2 Rxb3 39. Rc7 a5 40. Rc8+ Bf8 41. Rc4 Rb4 42. Rc7 b6 43. Rb7 Bc5
44. Rb8+ Kg7 45. Rb7 Rxa4 46. Rc7 Ra2 47. Rd7 Rxf2+ 48. Kh1 a4 49. Ra7 a3
50. Ra8 a2 51. Rxa2 Rf1+ 52. Kg2 Rf2+ 53. Kh1 g5 54. Re2 g4 55. Re5 Rf1+ 56.
Kg2 Rg1+ 57. Kh2 Bd6 58. Kxg1 Bxe5 59. Kg2 b5 60. Kf2 b4 61. Ke3 b3 62. Kd2
b2 63. Kc2 g3 64. Kb1 g2 65. Ka2 h4 66. Kb1 g1=Q+ 67. Ka2 b1=Q+ 68. Ka3 Qa7#
{White checkmated}
0-1

[Event "ICC tourney 2000 (30 10)"]
[Site "Internet Chess Club"]
[Date "2020.09.12"]
[Round "2"]
[White "MikeWMason"]
[Black "goodcrowdchess"]
[Result "1-0"]
[ICCResult "Black checkmated"]
[WhiteElo "1811"]
[BlackElo "1669"]
[Opening "two knights: Max Lange attack"]
[ECO "C55"]
[NIC "KP.02"]
[Time "13:03:29"]
[TimeControl "1800+10"]

1. e4 e5 2. Nf3 Nc6 3. Bc4 Nf6 4. d4 exd4 5. O-O Bc5 6. e5 d5 7. exf6 dxc4
8. Re1+ Be6 9. Ng5 Qd5 10. Nc3 Qf5 11. g4 Qxf6 12. Nce4 Qe7 13. Nxf7 Kxf7
14. Ng5+ Kg8 15. Rxe6 Qd7 16. Qe2 h6 17. Qxc4 Na5 18. Re8# {Black
checkmated} 1-0

[Event "ICC tourney 2000 (30 10)"]
[Site "Internet Chess Club"]
[Date "2020.09.12"]
[Round "2"]
[White "che2468"]
[Black "CheddarCheng1"]
[Result "1-0"]
[ICCResult "Black resigns"]
[WhiteElo "1501"]
[BlackElo "1495"]
[Opening "Pirc: Byrne variation"]
[ECO "B07"]
[NIC "PU.09"]
[Time "13:04:15"]
[TimeControl "1800+10"]

1. d4 Nf6 2. Nc3 g6 3. e4 d6 4. Bg5 Bg7 5. Nf3 O-O 6. Qd2 e5 7. dxe5 dxe5 8.
O-O-O Qxd2+ 9. Rxd2 Nc6 10. Bb5 Bg4 11. Bxf6 Bxf6 12. Nd5 Bg7 13. Nxc7 Rac8
14. Nd5 Bh6 15. Ne3 Bxf3 16. gxf3 Nd4 17. Be2 Rc6 18. c3 f5 19. Kb1 Ne6 20.
Rdd1 Bxe3 21. fxe3 fxe4 22. fxe4 Rf2 23. Bg4 Nc5 24. Rd5 Nxe4 25. Rxe5 Nf6
26. Be6+ Kg7 27. Bd5 Rc5 28. e4 Nxe4 29. Rxe4 Rxd5 30. Re7+ Kh6 31. Rxb7
Rdd2 32. c4 Rc2 33. Rc1 Rcd2 34. c5 Rd8 35. c6 Rff8 36. Rxa7 g5 37. b4 Kg6
38. b5 Rb8 39. Rb7 Rxb7 40. cxb7 Rb8 41. Rc7 h5 42. a4 Kf6 43. a5 Ke6 44. a6
Kd6 45. Rc8 {Black resigns} 1-0

[Event "ICC tourney 2000 (30 10)"]
[Site "Internet Chess Club"]
[Date "2020.09.12"]
[Round "2"]
[White "jchanson"]
[Black "Mapking1"]
[Result "0-1"]
[ICCResult "White forfeits on time"]
[WhiteElo "1884"]
[BlackElo "1685"]
[Opening "English: symmetrical, Botvinnik system"]
[ECO "A36"]
[NIC "EO.30"]
[Time "13:03:21"]
[TimeControl "1800+10"]

1. c4 c5 2. Nc3 Nc6 3. g3 g6 4. Bg2 Bg7 5. e4 e6 6. Nge2 Nge7 7. O-O O-O 8.
d3 a6 9. Be3 b6 10. d4 cxd4 11. Nxd4 Bb7 12. f4 Qc7 13. Qd2 Nxd4 14. Bxd4
Qxc4 15. Bxg7 Kxg7 16. Qxd7 Qc5+ 17. Rf2 Bc6 18. Qd3 Rfd8 19. Qc2 b5 20. a3
Rac8 21. Nd1 Qb6 22. Qc3+ Kg8 23. Qf6 Rd7 24. f5 Rcd8 25. fxe6 Rxd1+ 26.
Rxd1 Rxd1+ 27. Bf1 Qd4 28. exf7+ Kf8 29. Qxe7+ Kxe7 30. f8=Q+ Kd7 31. Qf7+
Kc8 32. Qe6+ Kb7 33. Qe7+ Kb6 34. b4 Rd2 35. Qc5+ Kb7 36. Qxd4 Rxd4 37. Bg2
Rd1+ 38. Rf1 Rd3 39. Rf3 Rd1+ 40. Kf2 Rd2+ 41. Kf1 Kb6 42. Rf6 Ra2 43. Rf3
Ra1+ 44. Kf2 Ra2+ 45. Kg1 a5 46. Re3 axb4 47. axb4 Rb2 48. Bf1 Rxb4
{White forfeits on time}
0-1

[Event "ICC tourney 2000 (30 10)"]
[Site "Internet Chess Club"]
[Date "2020.09.12"]
[Round "2"]
[White "AJ2000"]
[Black "BobbyFissure"]
[Result "1-0"]
[ICCResult "Black forfeits on time"]
[WhiteElo "1718"]
[BlackElo "1503"]
[Opening "Sicilian: Prins (Moscow) variation"]
[ECO "B55"]
[NIC "SI.01"]
[Time "13:03:23"]
[TimeControl "1800+10"]

1. e4 c5 2. Nf3 d6 3. d4 cxd4 4. Nxd4 Nf6 5. f3 e5 6. Nb3 Be7 7. c4 O-O 8.
Nc3 Be6 9. Be3 a5 10. Be2 a4 11. Nd2 a3 12. b3 Nc6 13. O-O Qa5 14. Nb5 Ne8
15. Nb1 f5 16. N1xa3 fxe4 17. fxe4 Nf6 18. Bf3 Rad8 19. Nc2 Rd7 20. Qd2 Qd8
21. Rad1 Bg4 22. Bxg4 Nxg4 23. Qd5+ Kh8 24. Rxf8+ Bxf8 25. Rf1 Nxe3 26. Nxe3
Be7 27. Rf7 Bg5 28. Nf5 g6 29. Rxd7 Qxd7 30. Nfxd6 Be3+ 31. Kh1 Qg4 32. Nf7+
Kg7 33. Nxe5 {Black forfeits on time} 1-0

[Event "ICC tourney 2000 (30 10)"]
[Site "Internet Chess Club"]
[Date "2020.09.12"]
[Round "2"]
[White "BunnyGambit"]
[Black "orwind"]
[Result "0-1"]
[ICCResult "White resigns"]
[WhiteElo "1478"]
[BlackElo "1430"]
[Opening "Queen's pawn game, Darooha variation "]
[ECO "D02"]
[NIC "QP.06"]
[Time "13:03:20"]
[TimeControl "1800+10"]

1. d4 Nf6 2. Nf3 d5 3. g3 Bf5 4. Bg2 e6 5. c4 Nbd7 6. O-O Be7 7. Nc3 c6 8.
cxd5 exd5 9. Bd2 O-O 10. Rc1 Nb6 11. Qb3 Ne4 12. a4 Nc4 13. Rfd1 Na5 14. Qa2
Nc4 15. Nxe4 Bxe4 16. Qb3 Nxd2 17. Rxd2 Bxf3 18. Bxf3 Bg5 19. e3 Qe7 20. Rc5
Rac8 21. Rdc2 Qd7 22. Qb4 Be7 23. Qc3 Bxc5 24. Qxc5 b6 25. Qc3 Qf5 26. Bg2
c5 27. Qb3 c4 28. Qc3 h6 29. Rc1 Rfd8 30. Qe1 Qd7 31. Qd1 Qd6 32. Bh3 Rc7
33. Qc2 Qb4 34. b3 c3 35. Bf5 Qa3 36. Bh7+ Kh8 37. Bd3 g6 38. Be2 Qb2 39.
Bd3 Qxc2 40. Rxc2 Kg7 41. Kf1 Kf6 42. Ke2 Kg5 43. h4+ Kg4 44. Kf1 Rd6 45.
Be2+ Kf5 46. Bd3+ Ke6 47. Be2 Kd7 48. Bg4+ f5 49. Be2 Re6 50. g4 Re4 51.
gxf5 gxf5 52. h5 Ke6 53. Bf3 Kf6 54. Bxe4 fxe4 55. Kg2 Kg5 56. f4+ exf3+ 57.
Kxf3 Kxh5 58. Kf4 Kg6 59. Ke5 h5 60. Rg2+ Kh6 61. Rc2 Re7+ 62. Kxd5 Rxe3 63.
Kc4 h4 64. Rxc3 Rxc3+ 65. Kxc3 h3 66. d5 Kg6 67. d6 Kf6 68. Kd3 h2 69. d7
Ke7 70. Ke3 h1=Q {White resigns} 0-1

[Event "ICC tourney 2000 (30 10)"]
[Site "Internet Chess Club"]
[Date "2020.09.12"]
[Round "2"]
[White "fascimate"]
[Black "chesslin"]
[Result "0-1"]
[ICCResult "White checkmated"]
[WhiteElo "1759"]
[BlackElo "1954"]
[Opening "Robatsch (modern) defense"]
[ECO "B06"]
[NIC "KF.05"]
[Time "13:03:23"]
[TimeControl "1800+10"]

1. e4 g6 2. d4 Bg7 3. Nf3 d6 4. Bc4 Nf6 5. Nc3 O-O 6. O-O Nc6 7. Re1 Bg4 8.
h3 Bxf3 9. gxf3 Nh5 10. Be3 e5 11. d5 Nd4 12. Nb1 a6 13. c3 Nb5 14. a4 Na7
15. Kh2 Nc8 16. a5 Ne7 17. Rg1 Kh8 18. Nd2 Ng8 19. Nf1 Bh6 20. Ng3 Nf4 21.
Ne2 Qh4 22. Qf1 f5 23. Ng3 Nxh3 24. Qxh3 Qxh3+ 25. Kxh3 f4 26. Bc1 fxg3 27.
Kxg3 Bf4+ 28. Bxf4 Rxf4 29. Rh1 Raf8 30. Be2 Nf6 31. Rh2 Nh5+ 32. Kg2 R4f7
33. Bd1 Nf4+ 34. Kg3 h5 35. Ra4 Rc8 36. Rb4 Rb8 37. Kh4 g5+ 38. Kg3 Kg7 39.
c4 h4+ 40. Kg4 Kg6 41. Rb3 Nh5 42. Rc3 b6 43. axb6 cxb6 44. Ra3 a5 45. Ba4
Rbf8 46. Bd1 Rc8 47. Rc3 Rfc7 48. Ba4 Nf6+ 49. Kh3 Rxc4 50. Rxc4 Rxc4 51.
Bd1 Rd4 52. Rh1 Rd2 53. b3 Rxf2 54. Re1 Rd2 55. Be2 Nh5 56. Kg2 Nf4+ 57. Kf1
Nxe2 58. Rxe2 Rxe2 59. Kxe2 b5 60. Kf2 a4 61. bxa4 bxa4 62. Ke2 a3 63. Kf2
a2 64. Ke3 a1=Q 65. Kd3 Qd4+ 66. Kc2 h3 67. Kb3 h2 68. Kc2 h1=Q 69. Kb3 Qb1+
70. Ka3 Qa7# {White checkmated} 0-1